 Dungeon Crawl Stone Soup version 0.29-a0-732-g3d7fbe0af2 (webtiles) character file.

Game seed: 9709860008059769491

34 MrPoopyBoutHole the Shooter (level 3, -21/28 HPs)
             Began as a Barachi Hunter on June 30, 2022.
             Killed by an exploding worm (34 damage)
             ... ignited by their inner flame
             ... on level 2 of the Dungeon.
             The game lasted 00:03:35 (816 turns).

MrPoopyBoutHole the Shooter (Barachi Hunter)         Turns: 816, Time: 00:03:37

Health: -21/28     AC: 10    Str: 14    XL:     3   Next: 31%
Magic:  3/3        EV:  3    Int:  9    God:
Gold:   55         SH:  3    Dex: 15    Spells: 2/2 levels left

rFire   . . .      SeeInvis .   m - +0 club
rCold   . . .      Faith    .   g - +0 buckler
rNeg    . . .      Spirit   .   k - +0 plate armour
rPois   .          Reflect  .   (no helmet)
rElec   .          Harm     .   (no cloak)
rCorr   .          Rampage  .   (no gloves)
Will    .....                   (no boots)
Stlth   ..........              (no amulet)
HPRegen 0.09/turn               (no ring)
MPRegen 0.08/turn               (no ring)

@: slow
A: amphibious, slowness 1, strong legs 1, +LOS
a: Hop


You were on level 2 of the Dungeon.
You visited 1 branch of the dungeon, and saw 2 of its levels.

You collected 55 gold pieces.

Inventory:

Hand Weapons
 a - a +0 shortbow
 f - a +0 dagger
 m - a +0 club (weapon)
 n - a +2 dagger of speed
Missiles
 e - 13 poisoned darts
Armour
 c - a +0 leather armour
 g - a +0 buckler (worn)
 k - a +0 plate armour (worn)
Scrolls
 d - a scroll of identify {unknown}
 i - 3 scrolls of silence {unknown}
 l - a scroll of fog {unknown}
 o - a scroll of enchant armour {unknown}
Potions
 h - a potion of curing {unknown}
 j - a potion of haste {unknown}


   Skills:
 + Level 2.6 Fighting
 * Level 4.9 Ranged Weapons
 * Level 2.4 Dodging
 - Level 0.8 Stealth


You had 2 spell levels left.
You didn't know any spells.
Your spell library was empty.

Dungeon Overview and Level Annotations

Branches:
Dungeon (2/15)

Altars:


Innate Abilities, Weirdness & Mutations

You are amphibious.
You cover ground slowly.
You can hop short distances.
You have an extended range of vision and can be seen from far away.


Message History

The arrow hits the worm but does no damage.
The worm is almost dead.
The worm bites you.
You shoot an arrow.
The arrow hits the worm but does no damage.
The worm is severely wounded.
You shoot an arrow.
The arrow hits the worm but does no damage.
The worm is heavily wounded.
The worm bites you!
Okay, then.
Found 7 stones.
The worm bites you but does no damage.
Found a stone staircase leading down.
You are too injured to fight recklessly!
Your legs are too worn out to hop.
You see here a rat corpse.
Read: scroll of immolation
Press: ? - help, Q - select action, (/) - cycle Dir - look around, f - activate Look: a worm (susceptible)
As you read the scroll of immolation, it crumbles to dust.
The creatures around you are filled with an inner flame!
Your legs are too worn out to hop.
You are too injured to fight recklessly!
Your legs are too worn out to hop.
Okay, then.
Okay, then.
Your legs are too worn out to hop.
Your legs are too worn out to hop.
m - a +0 club (weapon)
You are ready to hop once more.
You start putting on your armour.
You continue putting on your +0 buckler. x4
You finish putting on your +0 buckler.
You hit the worm.
Flame seeps out of the worm.
The worm is lightly wounded.
The worm is engulfed in blazing flames.
The worm explodes!
The fiery explosion engulfs you!!
Ouch! That really hurt!
You die...

..... #.##. ... #.##. #...
#.##. #### ##...#
#######.##.#### ..## ......
#.#.. ..##.... #...
....##.#.###.###.######...
..###.......§##.##...........
...........@○§........####..
..#.#..#..#.§§§.##..##.####..
.........<.............##....
..#.......#...#)##..##.†.....
..............#.##..##.###..#
..###..#..#.........##.# #..#
.....................# #..#
..##..##..##..#..#.##..# ....
#.. #..##..#..#.##..##....


There were no monsters in sight!

Vanquished Creatures
  An adder (D:2)
  A worm (D:2)
  2 dart slugs (D:1)
  4 bats (D:1)
  2 endoplasms
  2 goblins (D:1)
  2 hobgoblins (D:1)
  A kobold (D:2)
  A quokka (D:1)
  6 rats
22 creatures vanquished.

Notes
Turn   | Place    | Note
-------+----------+-------------------------------------------
     0 | D:1      | MrPoopyBoutHole the Barachi Hunter began the quest for the
                  | Orb.
     0 | D:1      | Reached XP level 1. HP: 17/17 MP: 1/1
   301 | D:1      | Reached XP level 2. HP: 23/23 MP: 2/2
   304 | D:1      | Found a faded altar of an unknown god.
   751 | D:2      | Reached XP level 3. HP: 28/28 MP: 3/3
   816 | D:2      | Killed by an exploding worm... ignited by their inner flame

Illustrated notes

Levels and vault maps discovered:
D:1:      dpeg_arrival_rooms_b, layout_basic, ebering_ecumenical_altar_rust,
          wad_floor_pattern_untrapped
D:2:      layout_basic, kennysheep_boxes, uniq_terence

Action                   || total
-------------------------++-------
Melee: Club              ||     1
 Fire: Shortbow          ||    62
 Abil: Hop               ||     1
  Use: Scroll            ||     1
Armor: Plate armour      ||    24
Dodge: Dodged            ||     5

Table legend: (Time is in decaauts)
 A = Elapsed time spent in this place.
 B = Non-inter-level travel time spent in this place.
 C = Inter-level travel time spent in this place.
 D = Time resting spent in this place.
 E = Time spent auto-exploring this place.
 F = Levels seen in this place.
 G = Mean time per level.
                   A        B        C        D        E       F      G
               +--------+--------+--------+--------+--------+-----+--------+
         Total |    988 |    890 |     98 |      0 |    632 |   2 |  494.0 |
       Dungeon |    988 |    890 |     98 |      0 |    632 |   2 |  494.0 |
               +--------+--------+--------+--------+--------+-----+--------+

Top non-repeatable levels by time:
     D:1: 865 daAuts
     D:2: 123 daAuts
